AoeStats
← skyporter

MegaRandom

509687935Analyzed
2v2 RM · 6d ago on Sep 27, 2026· 54m 20s· 4 players
Game mode
Random Map
Map size
Medium (4 player)
Population
200
Speed
Normal
Resources
Standard
Victory
Conquest
Starting age
Dark Age
Ending age
Imperial Age
RankedLock teamsTeams togetherTeam positionsShared explorationLock speedFull tech treeHidden civsTurbo modeCheats
Victory
Defeat
🇺🇸 Goths · United States
758
+24
🇨🇭 Japanese · Switzerland
758
+24
🇧🇷 Vikings · Brazil
704
-13
🇧🇷 Franks · Brazil
700
-32
SquishySourSquid
3:24 Loom
13:02 Feudal Age
14:29 Wheelbarrow
14:14 Gold Mining
14:41 Double-Bit Axe
15:36 Town Watch
19:56 Castle Age
20:35 Stone Mining
21:35 Bow Saw
20:56 Pikeman
21:39 Squires
21:55 Forging
22:04 Scale Mail Armor
25:42 Chain Mail Armor
26:03 Iron Casting
28:18 Elite Skirmisher
30:28 Hand Cart
30:08 Horse Collar
30:19 Town Watch
37:03 Anarchy
37:47 Caravan
41:01 Imperial Age
39:54 Heavy Plow
41:47 Perfusion
42:09 Conscription
44:30 Blast Furnace
45:13 Halberdier
48:46 Elite Huskarl
54:00 Heavy Cavalry Archer
skyporter
10:05 Feudal Age
11:10 Double-Bit Axe
12:02 Horse Collar
13:19 Loom
13:33 Gold Mining
16:39 Man-at-Arms
21:24 Castle Age
20:23 Scale Mail Armor
21:42 Forging
21:34 Long Swordsman
22:00 Gambesons
22:41 Heavy Plow
24:27 Squires
25:44 Fletching
27:47 Stone Mining
29:03 Arson
29:49 Pikeman
33:14 Chain Mail Armor
34:29 Gold Shaft Mining
40:06 Padded Archer Armor
44:06 Imperial Age
41:25 Town Watch
42:03 Ballistics
43:09 Town Patrol
43:44 Wheelbarrow
44:01 Guard Tower
44:51 Iron Casting
44:11 Bodkin Arrow
44:18 Two-Handed Swordsman
46:47 Champion
46:50 Halberdier
46:57 Elite Samurai
48:46 Plate Mail Armor
49:17 Yasama
54:55 Blast Furnace
53:56 Bracer
54:11 Leather Archer Armor
Zatuchi
8:59 Loom
11:46 Feudal Age
14:01 Wheelbarrow
13:25 Town Watch
16:04 Double-Bit Axe
21:59 Castle Age
29:47 Stone Mining
29:49 Gold Mining
38:54 Imperial Age
37:31 Husbandry
40:28 Cavalier
42:56 Hand Cart
42:42 Town Patrol
46:23 Paladin
47:15 Chivalry
49:07 Elite Throwing Axeman
droga eh o braia
11:42 Feudal Age
16:08 Stone Mining
16:46 Double-Bit Axe
17:20 Gold Mining
17:17 Horse Collar
21:12 Castle Age
21:39 Crossbowman
25:44 Elite Skirmisher
28:39 Town Watch
30:41 Scale Barding Armor
31:50 Heavy Plow
36:22 Town Patrol
37:01 Gold Shaft Mining
36:50 Chain Barding Armor
36:34 Padded Archer Armor
36:38 Scale Mail Armor
36:31 Fletching
40:44 Imperial Age
40:00 Leather Archer Armor
40:01 Chain Mail Armor
41:16 Cavalier
42:19 Masonry
43:13 Chemistry
44:03 Ballistics
44:00 Fortified Wall
47:49 Ring Archer Armor
47:50 Plate Mail Armor
51:32 Elite Berserk
52:18 Bogsveigar
Connection lost

Rejoining the realm…

Still unreachable

The connection could not be restored.

Session expired

The server has moved on; the page needs a fresh start.